 Dungeon Crawl Stone Soup version 0.30-a0-702-gdf48620a09 (webtiles) character file.

Game seed: 7112314714144002330

31380 ASSMAN the Eclecticist (level 13, 0/74 HPs)
             Began as a Deep Elf Enchanter on Jan 22, 2023.
             Was an Elder of Lugonu.
             Slain by a death yak (17 damage)
             ... on level 4 of the Lair of Beasts.
             The game lasted 00:49:44 (15863 turns).

ASSMAN the Eclecticist (Deep Elf Enchanter)        Turns: 15863, Time: 00:49:44

Health: 0/74       AC: 14    Str:  9    XL:     13   Next: 25%
Magic:  3/35       EV: 11    Int: 22    God:    Lugonu [****..]
Gold:   1051       SH:  0    Dex: 25    Spells: 32/44 levels left

rFire   . . .      SeeInvis .    j - +5 dagger
rCold   . . .      Faith    .    (no shield)
rNeg    . . .      Spirit   .    G - +4 ring mail of Altruism {Fly Stlth+}
rPois   +          Reflect  .    H - +1 hat of Xom's Envy {Str+4}
rElec   .          Harm     .    h - +2 cloak
rCorr   .          Rampage  .    (no gloves)
Will    +....                    g - +0 pair of boots
Stlth   ++++++                   C - amulet of regeneration
HPRegen 1.12/turn                J - +6 ring of dexterity
MPRegen 0.24/turn                Q - ring of poison resistance

@: confusing by touch, flying
A: no striking features
a: Renounce Religion, Depart the Abyss, Banish, Corrupt


You were on level 4 of the Lair of Beasts.
You worshipped Lugonu.
Lugonu was greatly pleased with you.
You visited 3 branches of the dungeon, and saw 16 of its levels.
You visited the Abyss 1 time.
You also visited: Ossuary.

You collected 1297 gold pieces.
You spent 246 gold pieces at shops.

Inventory:

Hand Weapons
 j - a +5 dagger (weapon)
 q - a +3 short sword of speed
 x - a +2 short sword of flaming
 D - a +3 short sword
Missiles
 B - a throwing net
Armour
 d - a +2 robe of fire resistance
 g - a +0 pair of boots (worn)
 h - a +2 cloak (worn)
 r - +0 steam dragon scales
 u - the +2 leather armour of Marbles {rF- Regen+ rCorr Stlth-}
   (You found it on level 3 of the Dungeon)

   rF:        It makes you vulnerable to fire.
   Regen:     It increases your rate of health regeneration.
   rCorr:     It protects you from acid and corrosion.
   Stlth:     It makes you less stealthy.
 G - the +4 ring mail of Altruism (worn) {Fly Stlth+}
   (You took it off an orc on level 9 of the Dungeon)

   Fly:       It grants you flight.
   Stlth:     It makes you more stealthy.
 H - the +1 hat of Xom's Envy (worn) {Str+4}
   (You found it on level 9 of the Dungeon)

   Str:       It affects your strength (+4).
 I - the +0 robe of the Crypt {rF++ rCorr}
   (You found it on level 9 of the Dungeon)

   rF:        It greatly protects you from fire.
   rCorr:     It protects you from acid and corrosion.
Magical Staves
 a - a staff of conjuration
Jewellery
 w - a ring of fire
 y - an amulet of guardian spirit
 C - an amulet of regeneration (around neck)
 J - a +6 ring of dexterity (left hand)
 Q - a ring of poison resistance (right hand)
Wands
 m - a wand of charming (34)
 n - a wand of quicksilver (13)
 o - a wand of roots (2)
 F - a wand of mindburst (6)
 P - a wand of flame (3)
Scrolls
 f - 2 scrolls of amnesia
 l - 3 scrolls of teleportation
 p - 3 scrolls of enchant weapon
 v - 2 scrolls of blinking
 A - 3 scrolls of fog
 E - 3 scrolls of enchant armour
 K - 4 scrolls of identify
 M - a scroll of magic mapping
 S - a scroll of poison
Potions
 b - 2 potions of flight
 c - a potion of invisibility
 e - 6 potions of berserk rage
 i - 5 potions of magic
 s - a potion of mutation
 t - 3 potions of resistance
 z - 7 potions of curing
 N - 2 potions of degeneration
 O - 2 potions of might


   Skills:
 - Level 6.0 Fighting
 - Level 10.0 Short Blades
 - Level 2.4 Dodging
 - Level 12.0 Stealth
 + Level 16.0 Spellcasting
 + Level 12.4 Conjurations
 - Level 7.5 Hexes


You had 32 spell levels left.
You knew the following spells:

 Your Spells              Type           Power      Damage    Failure   Level
a - Ensorcelled Hibernat  Hex/Ice        68%        N/A       3%          2
b - Confusing Touch       Hex            50%        N/A       1%          3
c - Dazzling Flash        Conj/Hex       100%       N/A       1%          3
d - Stone Arrow           Conj/Erth      88%        3d12      2%          3
e - Magic Dart            Conj           100%       1d8       1%          1

Your spell library contained the following spells:

 Spells                   Type           Power      Damage    Failure   Level
 Tukima's Dance           Hex            50%        N/A       1%          3
 Hailstorm                Conj/Ice       44%        3d10      2%          3
 Mephitic Cloud           Conj/Pois/Air  35%        N/A       4%          3
 Portal Projectile        Hex/Tloc       68%        N/A       6%          3
 Summon Guardian Golem    Hex/Summ       34%        N/A       6%          3
 Freeze                   Ice            68%        1d8       9%          1
 Sandblast                Erth           34%        2d9       9%          1
 Blink                    Tloc           34%        N/A       14%         2
 Call Imp                 Summ           17%        N/A       14%         2
 Cigotuvi's Dreadful Rot  Necr/Pois/Air  34%        N/A       14%         2
 Passwall                 Tmut/Erth      14%        N/A       14%         2
 Poisonous Vapours        Pois/Air       34%        N/A       14%         2
 Anguish                  Hex/Necr       17%        N/A       19%         4
 Frozen Ramparts          Ice            34%        1d6       26%         3
 Gell's Gravitas          Tloc           17%        N/A       26%         3
 Teleport Other           Tloc           17%        N/A       26%         3
 Orb of Destruction       Conj           32%        9d10      43%         7
 Animate Armour           Summ/Erth      34%        N/A       65%         4
 Manifold Assault         Tloc           17%        N/A       65%         4
 Blade Hands              Tmut           8%         N/A       94%         5
 Borgnjor's Vile Clutch   Necr/Erth      8%         N/A       94%         5
 Spellforged Servitor     Conj/Summ      22%        N/A       99%         7
 Dispersal                Tloc           8%         N/A       100%        6
 Simulacrum               Ice/Necr       8%         N/A       100%        6
 Storm Form               Tmut/Air       8%         N/A       100%        7
 Lehudib's Crystal Spear  Conj/Erth      22%        10d6      100%        8


Dungeon Overview and Level Annotations

Branches:
Dungeon (11/15)            Temple (1/1) D:4            Lair (4/5) D:9
 Shoals (0/4) Lair:2       Spider (0/4) Lair:2          Orc (0/2) D:11
Ossuary (visited)
  Slime: Lair:4-5

Altars:
Ashenzari
Cheibriados
Dithmenos
Elyvilon
Fedhas
Gozag
Hepliaklqana
Kikubaaqudgha
Makhleb
Nemelex Xobeh
Okawaru
Qazlal
Ru
Sif Muna
Trog
Uskayaw
Vehumet
Wu Jian
Xom
Yredelemnul
Zin
The Shining One

Shops:
D:2 :((*   D:3 (?!   D:11 (

Annotations:
D:10 2 transporters, Mitcholas's ghost, journeyman DjCj
Lair:2 3 runed translucent doors, nroviw's ghost, journeyman HOBe


Message History

The yak looks drowsy...
The helpless yak fails to defend itself.
You perforate the yak like a sieve!!!!!
You kill the yak!
Lugonu accepts your kill. The yak gores you.
Your Spellcasting skill increases to level 16!
Casting: Ensorcelled Hibernation (safe; 3% risk of failure)
Confirm with . or Enter, or press ? or * to list all spells.
Aiming: Ensorcelled Hibernation (safe; 3% risk of failure)
Press: ? - help, Shift-Dir - straight line, f - yak
Aim: a yak (chance to affect: 62%)
The yak looks drowsy...
The helpless yak fails to defend itself.
You stick the yak like a pincushion!!!!!
You kill the yak!
Lugonu accepts your kill.
Casting: Ensorcelled Hibernation (safe; 3% risk of failure)
Confirm with . or Enter, or press ? or * to list all spells.
Your hands begin to glow red.
Casting: Confusing Touch (safe; 1% risk of failure)
Confirm with . or Enter, or press ? or * to list all spells.
Aiming: Stone Arrow (mildly dangerous; 2% risk of failure)
Press: ? - help, Shift-Dir - straight line, f - death yak
Aim: a death yak (chance to confuse on hit: 10%, 92% to hit)
The stone arrow hits the death yak!
The death yak is lightly wounded.
You hit the death yak but do no damage.
The death yak is lightly wounded.
The death yak barely misses you.
You hit the death yak but do no damage.
The death yak is lightly wounded.
You barely miss the death yak.
The death yak is lightly wounded.
The death yak gores you! The death yak gores you!!
The death yak attacks as you move away! The death yak gores you.
The death yak attacks as you move away! The death yak gores you!!
* * * LOW HITPOINT WARNING * * *
The death yak gores you!
You die...

###.#.#...........#......#
###.#.....................#####
##.........(.............P..#P###
#..........^....................#
............................#...#
.........#.†...............##...#
...........†..Y............#....>
...........†#.YY........#........
..........###.#Y@................
.Y........# ###P.<#.#............
..........# #######............
.Y......### ##.#.........
.......## ####....?... ....###
#.##...... ....# #####..... ...##
##...... ..## #.......


You could see 3 death yaks and a yak.

Vanquished Creatures
  Snorg (Lair:4)
  Erolcha (D:9)
  A boulder beetle (D:11)
  A death yak (Lair:4)
  5 two-headed ogres
  Sonja (Lair:3)
  An orb spider (Lair:2)
  Pikel (D:5)
  A deep elf pyromancer (D:9)
  A deep elf zephyrmancer (D:9)
  11 elephants
  4 black mambas
  12 cane toads
  Maggie (D:9)
  A rime drake (Lair:3)
  A kobold demonologist (D:11)
  7 komodo dragons
  A troll (D:10)
  A polar bear (Lair:3)
  2 hornets (D:9)
  10 blink frogs
  A dream sheep (Lair:3)
  A snapping turtle (Lair:2)
  A slime creature (Lair:1)
  2 wyverns
  Eustachio (D:5)
  16 yaks
  2 vampires
  2 basilisks
  3 steam dragons
  2 acid dragons (D:11)
  12 water moccasins
  3 black bears
  A swamp drake (D:9)
  3 orc warriors
  A sky beast (D:6)
  An ogre (D:5)
  2 centaurs (D:9)
  4 wolves
  2 lemures (D:4)
  4 kobold brigands
  6 necrophages
  5 bullfrogs
  2 scorpions (D:5)
  3 wights (D:7)
  8 killer bees (D:10)
  6 howler monkeys
  A crimson imp (D:9)
  A centaur zombie (Ossuary)
  2 gnoll boudas
  An iron imp (D:9)
  3 hounds
  9 jellies
  3 orc priests
  2 human zombies (Ossuary)
  An iguana (D:4)
  13 orc wizards
  A hound zombie (D:4)
  2 mummies (Ossuary)
  3 gnolls (D:7)
  7 adders
  2 shadow imps (D:6)
  An ufetubus (D:4)
  3 adder zombies
  2 worms
  5 dart slugs
  36 orcs
  22 endoplasms
  5 giant cockroaches
  3 goblins
  9 hobgoblins
  2 jackals (D:1)
  19 kobolds
  8 quokkas
  6 ball pythons
  4 bats
  5 frilled lizards
  9 hobgoblin zombies (Ossuary)
  17 kobold zombies (Ossuary)
  3 orc zombies (Ossuary)
  13 rats
  3 rat zombies (Ossuary)
  A spectral orc (D:7)
386 creatures vanquished.

Vanquished Creatures (others)
  2 orc wizards
  A shadow imp (D:9)
  A white imp (D:9)
  An orc (D:9)
  A kobold (D:1)
  2 bushes (D:4)
  12 fungi
  22 plants
42 creatures vanquished.

Grand Total: 428 creatures vanquished

Notes
Turn   | Place    | Note
-------+----------+-------------------------------------------
     0 | D:1      | ASSMAN the Deep Elf Enchanter began the quest for the Orb.
     0 | D:1      | Reached XP level 1. HP: 10/10 MP: 6/6
   297 | D:1      | Reached XP level 2. HP: 9/15 MP: 8/8
   343 | D:1      | Learned a level 2 spell: Ensorcelled Hibernation
   760 | D:1      | Reached XP level 3. HP: 18/19 MP: 10/10
  1366 | D:2      | Found Penaed's Book Shoppe.
  1400 | D:2      | Found a faded altar of an unknown god.
  1607 | D:2      | Found Hyrorr's Antique Weapon Shop.
  1615 | D:2      | Reached skill level 4 in Spellcasting
  1646 | D:2      | Found Byfau's General Store.
  1686 | D:2      | Found Zodyn's Antique Weapon Emporium.
  1799 | D:2      | Reached skill level 5 in Hexes
  2272 | D:3      | Reached XP level 4. HP: 24/24 MP: 12/12
  2318 | D:3      | Found Tiomut's Antique Weapon Emporium.
  2369 | D:3      | Found Ziuqyqud's Magic Scroll Emporium.
  2531 | D:3      | Found Usay's Distillery.
  2616 | D:3      | Bought a potion of might for 56 gold pieces
  2616 | D:3      | Bought a potion of heal wounds for 70 gold pieces
  2670 | D:3      | You fall into a shaft and drop 3 floors!
  3050 | D:6      | Noticed a steam dragon
  3111 | D:5      | Entered Level 5 of the Dungeon
  3116 | D:5      | Learned a level 3 spell: Confusing Touch
  3141 | D:5      | Reached skill level 5 in Stealth
  3141 | D:5      | Reached XP level 5. HP: 28/28 MP: 11/14
  3150 | D:5      | Noticed Eustachio
  3176 | D:5      | Killed Eustachio
  3177 | D:5      | Reached skill level 5 in Spellcasting
  3177 | D:5      | Reached XP level 6. HP: 27/32 MP: 8/16
  3216 | D:5      | Reached skill level 6 in Spellcasting
  3409 | D:5      | Reached XP level 7. HP: 36/36 MP: 15/18
  3649 | D:5      | Noticed Pikel
  3660 | D:4      | Found a staircase to the Ecumenical Temple.
  3670 | Temple   | Entered the Ecumenical Temple
  4056 | D:3      | Identified the +2 leather armour of Marbles {rF- Regen+
                  | rCorr Stlth-}
  4288 | D:3      | Learned a level 3 spell: Dazzling Flash
  4374 | D:2      | Bought a glowing short sword for 120 gold pieces
  4648 | D:4      | Got the Vellum of the Catacomb
  4800 | D:4      | Found a blossoming altar of Fedhas.
  5270 | D:4      | Reached XP level 8. HP: 35/41 MP: 14/20
  5427 | D:5      | Killed Pikel
  5743 | D:5      | Found a bloodstained altar of Trog.
  6192 | D:6      | Noticed a two-headed ogre
  6200 | D:6      | HP: 2/41 [two-headed ogre/+0 giant club (15)]
  6202 | D:6      | Killed a two-headed ogre
  6203 | D:6      | Reached XP level 9. HP: 2/45 MP: 12/21
  6906 | D:7      | Reached skill level 10 in Short Blades
  7005 | D:7      | Reached skill level 1 in Fighting
  7117 | D:7      | Found a basalt altar of Yredelemnul.
  7532 | D:8      | Found a sand-covered staircase.
  7543 | Ossuary  | Entered an ossuary
  7904 | D:8      | Reached skill level 5 in Fighting
  8035 | D:8      | Reached XP level 10. HP: 59/59 MP: 17/22
  8604 | D:9      | Noticed Erolcha
  8609 | Abyss:1  | Cast into level 1 of the Abyss (Erolcha)
  8708 | Abyss:1  | Found a corrupted altar of Lugonu.
  8715 | Abyss:1  | Became a worshipper of Lugonu the Unformed
  8715 | Abyss:1  | Reached * piety under Lugonu
  8715 | Abyss:1  | Reached ** piety under Lugonu
  8716 | D:9      | Escaped the Abyss
  8916 | D:9      | Noticed Maggie
  8925 | D:9      | Killed Maggie
  9000 | D:9      | Reached skill level 7 in Spellcasting
  9086 | D:9      | Found an iron altar of Okawaru.
  9093 | D:9      | Reached skill level 1 in Conjurations
  9310 | D:9      | Identified the +4 ring mail of Altruism {Fly Stlth+}
  9644 | D:9      | Reached skill level 8 in Spellcasting
  9684 | D:9      | Found a staircase to the Lair.
  9867 | D:9      | Noticed a deep elf zephyrmancer
  9868 | D:9      | Noticed a deep elf pyromancer
  9874 | D:9      | Killed a deep elf pyromancer
  9883 | D:9      | Killed a deep elf zephyrmancer
  9884 | D:9      | Reached skill level 9 in Spellcasting
  9894 | D:9      | Identified the +1 hat of Xom's Envy {Str+4}
  9896 | D:9      | Identified the +0 robe of the Crypt {rF++ rCorr}
  9935 | D:9      | Killed Erolcha
  9936 | D:9      | Reached skill level 5 in Conjurations
 10017 | D:9      | Reached XP level 11. HP: 64/64 MP: 26/26
 10020 | D:9      | Noticed a two-headed ogre
 10024 | D:9      | Killed a two-headed ogre
 10291 | D:10     | Entered Level 10 of the Dungeon
 10468 | D:10     | Found a burning altar of Makhleb.
 10555 | D:10     | Reached skill level 10 in Stealth
 10572 | D:10     | Learned a level 3 spell: Stone Arrow
 10856 | D:10     | Noticed a two-headed ogre
 10862 | D:10     | Killed a two-headed ogre
 10863 | D:10     | Reached skill level 10 in Spellcasting
 10909 | D:10     | Noticed Mitcholas's ghost (journeyman DjCj)
 10910 | D:10     | Found a transporter.
 10910 | D:10     | Found a transporter.
 10910 | D:10     | Identified the +11 dire flail of Caagaz {freeze, rElec
                  | rPois Dex-3 Stlth+}
 10910 | D:10     | Identified the +6 dire flail of Duev {venom, Str+3 Int+3
                  | Dex+4}
 10910 | D:10     | Noticed a two-headed ogre
 10915 | D:10     | Noticed a two-headed ogre
 10916 | D:10     | Found an opulent altar of Gozag.
 10921 | D:10     | Killed a two-headed ogre
 10975 | D:10     | Noticed a two-headed ogre
 10986 | D:10     | Noticed a two-headed ogre
 11103 | D:10     | Found an iron altar of Okawaru.
 11105 | D:10     | Found a broken altar of Ashenzari.
 11105 | D:10     | Found a sparkling altar of Nemelex Xobeh.
 11178 | D:10     | Found a shimmering altar of Xom.
 11178 | D:10     | Found a glowing silver altar of Zin.
 11178 | D:10     | Found an ancient bone altar of Kikubaaqudgha.
 11282 | D:11     | Found a staircase to the Orcish Mines.
 11283 | D:11     | Found Biwareih's Weapon Shoppe.
 11290 | D:11     | Reached *** piety under Lugonu
 11386 | D:11     | Noticed a two-headed ogre
 11402 | D:11     | Killed a two-headed ogre
 11690 | D:11     | Noticed a boulder beetle
 11697 | D:11     | Killed a boulder beetle
 11698 | D:11     | Reached skill level 11 in Spellcasting
 12137 | Lair:1   | Entered Level 1 of the Lair of Beasts
 12480 | Lair:1   | Reached skill level 12 in Spellcasting
 12509 | Lair:1   | Reached XP level 12. HP: 40/70 MP: 24/30
 12793 | Lair:1   | Reached **** piety under Lugonu
 13381 | Lair:2   | Reached skill level 13 in Spellcasting
 13531 | Lair:2   | Reached skill level 10 in Conjurations
 13660 | Lair:2   | Found a runed translucent gate.
 13660 | Lair:2   | Found a runed translucent gate.
 13660 | Lair:2   | Found a runed translucent gate.
 13661 | Lair:2   | Noticed nroviw's ghost (journeyman HOBe)
 13770 | Lair:2   | Reached skill level 14 in Spellcasting
 13809 | Lair:2   | Found a staircase to the Shoals.
 13934 | Lair:2   | Found a hole to the Spider Nest.
 14188 | Lair:3   | Noticed Sonja
 14194 | Lair:3   | Killed Sonja
 14423 | Lair:3   | Reached skill level 15 in Spellcasting
 15109 | Lair:4   | Noticed a death yak
 15109 | Lair:4   | Noticed a death yak
 15110 | Lair:4   | Noticed a death yak
 15111 | Lair:4   | Noticed a death yak
 15111 | Lair:4   | Noticed a death yak
 15206 | Lair:4   | Reached XP level 13. HP: 62/74 MP: 31/34
 15260 | Lair:4   | Noticed Snorg
 15267 | Lair:4   | Killed Snorg
 15312 | Lair:4   | Identified the +3 trident of Fixation {flame, Will+}
 15338 | Lair:4   | HP: 2/74 [blink frog (13)]
 15825 | Lair:4   | Learned a level 1 spell: Magic Dart
 15853 | Lair:4   | Reached skill level 16 in Spellcasting
 15863 | Lair:4   | Slain by a death yak

Illustrated notes

Levels and vault maps discovered:
D:1:      minmay_arrival_five_plusses, layout_basic
D:2:      layout_basic, hellmonk_ecumenical_altar_blasted, serial_shops, shop,
          shop, shop_coins, nicolae_diamond_shop, kennysheep_path_1,
          minmay_misc_feat_ornament
D:3:      layout_loops_ring, serial_shops, shop, nicolae_shop_window_shopping,
          nicolae_shop_waterfront, hangedman_decor_points,
          nicolae_figureground_pulse
D:4:      layout_cave_pools, fedhas_altar_decomposition, temple_fountains
D:5:      layout_loops_ring, trog_butcher_becter, uniq_pikel, uniq_eustachio
D:6:      layout_gridville, kennysheep_cross_bottleneck
D:7:      layout_rooms, yredelemnul_forgotten_temple_becter
D:8:      layout_loops_ring, nicolae_ossuary_entry_monument
D:9:      layout_long_grid, kennysheep_mini, david_lair_shrubbed,
          hangedman_minor_magic, uniq_erolcha, uniq_maggie
D:10:     layout_roguey, lightli_temple_of_fire, doesnt_xom_only_xom,
          grunt_gozag_statues, gammafunk_ghost_smash
D:11:     layout_irregular_city, orc_david_3
Temple:   nicolae_temple_bog_church
Lair:1:   lemuel_slime, layout_small_grid, minmay_stone_trees_small,
          lemuel_fruit_fields, grunt_megastairs_4, serial_bayou_shore_b
Lair:2:   layout_loops_ring, minmay_shoals_entry_hut,
          nicolae_spider_entry_orb_guardian, gammafunk_ghost_necromancy,
          beast_lair_carwin_1
Lair:3:   layout_gridlike, dreamdust_gnoll_shepherd, grunt_megastairs_5,
          uniq_sonja
Lair:4:   layout_cave_shapes, uniq_snorg

Skill      XL: |  1  2  3  4  5  6  7  8  9 10 11 12 13 |
---------------+----------------------------------------+-----
Stealth        | 4 5 6 7 9 12 | 12.0
Spellcasting   | 4 5 6 9 12 15 16 | 16.0
Hexes          | 5 6 7 |  7.5
Short Blades   | 4 9 10 | 10.0
Fighting       | 5 6 |  6.0
Conjurations   | 5 8 11 12 | 12.4
Dodging        | |  2.4

Action                   |  1- 3 |  4- 6 |  7- 9 | 10-12 | 13-15 || total
-------------------------+-------+-------+-------+-------+-------++-------
Melee: Dagger            |   119 |    75 |    25 |   466 |    57 ||   742
       Punch             |     2 |       |     5 |    12 |       ||    19
       Short sword       |       |       |   369 |    90 |       ||   459
 Cast: Ensorcelled Hiber |    17 |    12 |    40 |   135 |    19 ||   223
       Confusing Touch   |       |     3 |    19 |    34 |     8 ||    64
       Stone Arrow       |       |       |       |     6 |     7 ||    13
       Magic Dart        |       |       |       |       |     4 ||     4
Invok: Depart the Abyss  |       |       |       |     1 |       ||     1
Evoke: Wand              |       |       |     1 |       |       ||     1
  Use: Potion            |     1 |       |     4 |     6 |     5 ||    16
       Scroll            |       |     4 |    10 |     5 |     5 ||    24
 Stab: Sleeping          |    28 |    14 |    45 |   107 |    16 ||   210
       Invisible         |     5 |       |       |     2 |     3 ||    10
       Confused          |       |     2 |    20 |    31 |     5 ||    58
       Distracted        |       |       |     1 |     1 |       ||     2
Armor: Robe              |    13 |    14 |    61 |    25 |       ||   113
       Ring mail         |       |       |       |   140 |    23 ||   163
Dodge: Dodged            |    66 |    32 |   123 |   204 |    60 ||   485

Table legend: (Time is in decaauts)
 A = Elapsed time spent in this place.
 B = Non-inter-level travel time spent in this place.
 C = Inter-level travel time spent in this place.
 D = Time resting spent in this place.
 E = Time spent auto-exploring this place.
 F = Levels seen in this place.
 G = Mean time per level.
                   A        B        C        D        E       F      G
               +--------+--------+--------+--------+--------+-----+--------+
         Total |  15331 |  14740 |    591 |   1616 |  10099 |  18 |  851.7 |
       Dungeon |  11348 |  10875 |    473 |   1354 |   7520 |  11 | 1031.6 |
        Temple |    185 |    175 |     10 |      0 |    143 |   1 |  185.0 |
          Lair |   3481 |   3373 |    108 |    262 |   2300 |   4 |  870.2 |
         Abyss |    106 |    106 |      0 |      0 |     62 |   1 |  106.0 |
       Ossuary |    208 |    208 |      0 |      0 |     74 |   1 |  208.0 |
               +--------+--------+--------+--------+--------+-----+--------+

Top non-repeatable levels by time:
     D:9: 1472 daAuts
     D:1: 1225 daAuts
  Lair:1: 1127 daAuts
     D:6: 1076 daAuts
     D:8: 1062 daAuts
     D:4: 1029 daAuts
  Lair:3: 1023 daAuts
     D:2: 1010 daAuts
     D:5: 1005 daAuts
    D:10: 954 daAuts
     D:3: 930 daAuts
     D:7: 800 daAuts
    D:11: 781 daAuts
  Lair:2: 709 daAuts
  Lair:4: 621 daAuts
